Map: Port Aleksander LE

Players

abstructa - Winner!

  • Race: Terran Terran
  • League: Diamond
  • Spawn Location: 5:00

Ragnarokette

  • Race: Zerg Zerg
  • League: Diamond
  • Spawn Location: 11:00

VOD

Have the link to the VOD?

Description

Time

  • Played on: Feb. 22, 2019, 7:15 p.m.
  • Length: 13:34
Show
View Real Time Build Order
Export as new Build Order

abstructa Terran - Winner!

Build Orders: Reaper Expand 

Get SALT Encoding   

  12  0:00  SCV  
  13  0:12  SCV  
  14  0:18  Supply Depot  
  14  0:24  SCV  
  15  0:39  SCV  
  15  0:41  Barracks  
  16  0:46  Refinery  
  16  0:52  SCV  
  17  1:04  SCV  
  18  1:16  SCV  
  19  1:28  Orbital Command  
  19  1:29  Reaper  
  20  1:43  Command Center  
  20  1:53  Supply Depot  
  21  1:54  SCV  
  21  2:02  Barracks Reactor  
  21  2:06  SCV  
  22  2:14  Barracks  
  22  2:18  SCV  
  23  2:24  Factory  
  23  2:30  SCV  
  23  2:32  Refinery  
  24  2:40  Marine x2  
  26  2:46  SCV  
  27  2:55  Orbital Command  
  27  2:59  Marine x2  
  27  3:04  Barracks Tech Lab  
  29  3:07  Starport  
  29  3:08  SCV  
  30  3:13  Factory Reactor  
  30  3:20  SCV  
  30  3:21  Supply Depot  
  30  3:22  Marine  
  30  3:24  Marine  
  33  3:28  SCV  
  33  3:30  Marine  
  35  3:39  Marine  
  36  3:41  Marine  
  36  3:44  SCV x2  
  36  3:48  Marine  
  40  3:53  Stimpack  
  40  3:56  SCV  
  40  3:57  Medivac, Marine  
  40  3:59  Marine  
  40  4:01  Supply Depot  
  44  4:05  SCV  
  44  4:08  SCV  
  44  4:09  Marine  
  47  4:10  Medivac  
  47  4:15  Marine  
  50  4:21  Marine  
  50  4:22  SCV x2  
  53  4:27  Marine  
  53  4:28  Supply Depot  
  54  4:33  Marine  
  54  4:34  SCV x2  
  57  4:40  Supply Depot  
  57  4:44  Supply Depot  
  57  4:46  SCV  
  57  4:47  SCV, Marine x2  
  57  4:51  Marine  
  62  4:58  SCV  
  62  4:59  SCV  
  64  5:08  Command Center  
  64  5:10  SCV, Marine x2  
  64  5:11  SCV  
  64  5:13  Marine  
  69  5:22  SCV  
  69  5:23  SCV  
  69  5:28  Barracks  
  71  5:29  Barracks  
  71  5:31  Barracks  
  71  5:32  Marine x3  
  71  5:34  SCV  
  71  5:35  SCV  
  76  5:41  Supply Depot  
  58  6:18  Marine  
  58  6:19  Marine  
  58  6:20  Barracks Reactor x2  
  58  6:22  SCV, Barracks Tech Lab  
  58  6:23  SCV  
  58  6:25  Refinery  
  62  6:27  Refinery  
  62  6:28  Supply Depot  
  62  6:29  Engineering Bay, Orbital Command  
  62  6:31  Engineering Bay  
  62  6:32  Medivac x2  
  66  6:33  Marauder  
  66  6:34  Combat Shield  
  66  6:35  Command Center  
  66  6:36  Marine x2  
  66  6:38  Armory  
  70  6:43  Marauder  
  72  6:49  SCV x2  
  72  6:53  Supply Depot  
  74  6:54  Supply Depot, Marine  
  74  6:55  Marauder, Marine x2  
  74  6:58  Concussive Shells  
  74  7:00  Orbital Command  
  79  7:11  Marauder, Marine x3  
  79  7:12  Marine  
  79  7:13  SCV x2  
  87  7:16  Marauder  
  89  7:24  Terran Infantry Weapons Level 1  
  89  7:25  Terran Infantry Armor Level 1, Marine  
  89  7:26  Marine  
  89  7:28  Marine  
  89  7:29  SCV, Marine  
  94  7:30  SCV  
  94  7:32  Marauder  
  94  7:36  Medivac x2  
  101  7:37  Marauder  
  101  7:41  SCV  
  101  7:42  SCV  
  105  7:44  SCV  
  105  7:50  Marine x3  
  105  7:51  Marine  
  110  7:53  Refinery  
  110  7:56  Marine x3  
  113  7:58  Marine  
  114  8:06  Barracks  
  114  8:09  Barracks  
  114  8:11  Barracks x2  
  114  8:13  Marine x2  
  114  8:14  SCV, Marine x2  
  114  8:15  SCV  
  114  8:16  SCV  
  114  8:19  Refinery  
  121  8:21  Marine x2  
  103  8:48  Marauder x2, Marine x6  
  99  8:52  Planetary Fortress  
  99  8:55  Medivac x2  
  106  8:58  Barracks Reactor x2  
  106  8:59  Barracks Tech Lab x2  
  106  9:01  SCV x3  
  109  9:06  Marine x5  
  109  9:09  Marauder  
  116  9:13  SCV x3  
  119  9:19  Marine x3  
  119  9:20  Terran Infantry Weapons Level 2, Terran Infantry Armor Level 2  
  122  9:24  Command Center  
  122  9:33  Supply Depot  
  122  9:36  SCV x3  
  122  9:37  Supply Depot  
  125  9:38  Marine  
  125  9:39  Supply Depot, Marine x3  
  125  9:41  Marauder  
  125  9:45  Marauder  
  133  9:46  Medivac  
  133  9:47  Marine  
  133  9:48  Marine x2  
  133  9:49  Marine  
  133  9:51  SCV x2  
  141  9:55  Marauder x2  
  141  9:57  Marine  
  141  9:59  Supply Depot, Marine x2  
  148  10:01  Supply Depot  
  148  10:03  Supply Depot  
  146  10:19  Marauder x3, Marine  
  146  10:20  Marauder, Marine x9  
  142  10:23  Supply Depot  
  128  10:36  Supply Depot  
  128  10:37  Marine  
  128  10:38  Marine x3  
  128  10:39  Supply Depot, Marine x6  
  128  10:41  Marauder  
  140  10:45  Marine  
  140  10:46  Marine x2  
  140  10:47  SCV  
  143  10:55  Marine  
  143  10:56  Marine x2  
  135  11:14  Medivac x2  
  135  11:15  Marine x14  
  153  11:18  SCV  
  153  11:19  SCV  
  155  11:27  Supply Depot  
  155  11:28  Planetary Fortress, Supply Depot  
  155  11:30  SCV x2  
  155  11:31  SCV  
  158  11:34  Marauder x4  
  166  11:40  SCV  
  166  11:42  SCV  
  166  11:43  Missile Turret  
  166  11:44  Medivac x2  
  172  11:51  Supply Depot  
  172  11:53  Supply Depot  
  172  11:55  Marauder x3  
  178  12:05  Marauder, Marine x3  
  178  12:06  Marine x3  
  178  12:07  SCV x2  
  178  12:08  SCV x2  
  189  12:13  Supply Depot  
  190  12:16  Barracks  
  190  12:17  Supply Depot, Marauder x3  
  190  12:20  Barracks  
  190  12:22  SCV x3, Barracks  
  199  12:44  SCV, Missile Turret  
  138  13:07  Barracks, Marine  
  138  13:08  Marine x13  
  153  13:13  SCV  
  153  13:14  SCV x3  
  157  13:22  Barracks Reactor  
  157  13:23  Barracks Reactor  
  157  13:24  Barracks Tech Lab  
Show
View Real Time Build Order
Export as new Build Order

Ragnarokette Zerg 

Build Orders: Hatch First 

Get SALT Encoding   

  12  0:01  Drone  
  13  0:12  Overlord  
  13  0:18  Drone  
  14  0:31  Drone x2  
  16  0:51  Hatchery  
  16  0:55  Drone  
  16  0:59  Drone  
  16  1:02  Drone  
  18  1:14  Extractor  
  17  1:20  Spawning Pool  
  17  1:23  Drone  
  17  1:27  Drone  
  17  1:30  Drone  
  19  1:40  Overlord  
  19  1:50  Drone  
  20  2:07  Zergling x4, Queen  
  20  2:08  Queen  
  26  2:18  Metabolic Boost  
  26  2:21  Drone x2  
  28  2:36  Drone x4  
  32  2:44  Overlord  
  32  2:50  Queen  
  34  3:04  Hatchery  
  33  3:11  Drone x2  
  33  3:12  Drone x2  
  37  3:17  Overlord  
  37  3:18  Drone  
  38  3:26  Drone  
  38  3:27  Drone x3  
  42  3:39  Drone x3  
  42  3:40  Drone  
  46  3:41  Roach Warren  
  45  3:49  Drone x2  
  45  3:54  Extractor  
  46  3:55  Extractor  
  46  3:57  Drone x3  
  46  4:00  Evolution Chamber  
  47  4:10  Spore Crawler  
  47  4:12  Spore Crawler  
  45  4:19  Overlord  
  45  4:20  Queen  
  45  4:23  Drone x3  
  45  4:24  Overlord  
  50  4:31  Overlord x2  
  50  4:40  Queen  
  50  4:44  Drone x4  
  56  4:45  Spore Crawler  
  56  4:46  Drone  
  56  4:48  Drone  
  57  4:53  Lair  
  57  4:56  Queen  
  57  4:59  Roach x2  
  63  5:01  Roach  
  63  5:04  Zergling x4  
  63  5:06  Zergling x2  
  68  5:16  Overlord  
  68  5:25  Roach  
  68  5:26  Roach x4  
  78  5:32  Queen  
  80  5:41  Drone x10  
  89  5:55  Overlord, Roach x2  
  88  6:01  Roach  
  88  6:02  Roach x2  
  84  6:06  Roach  
  84  6:07  Zergling x4  
  82  6:14  Roach x2  
  82  6:15  Roach  
  86  6:29  Overlord x2  
  86  6:37  Baneling Nest  
  86  6:38  Hydralisk Den  
  84  6:40  Extractor  
  84  6:41  Zerg Melee Weapons Level 1  
  84  6:42  Extractor  
  82  6:47  Overlord, Evolution Chamber  
  81  7:02  Overlord x2  
  81  7:07  Drone x5  
  81  7:08  Drone x4  
  90  7:13  Zerg Ground Armor Level 1  
  90  7:16  Muscular Augments  
  90  7:19  Centrifical Hooks  
  90  7:20  Zergling x2  
  90  7:21  Zergling x8  
  94  7:41  Drone x3  
  97  7:48  Hydralisk x2  
  97  7:49  Hydralisk x7  
  115  8:04  Hatchery  
  114  8:09  Hydralisk x3  
  114  8:10  Zergling x10  
  125  8:25  Zergling x2  
  125  8:26  Zergling x14  
  129  8:27  Grooved Spines  
  129  8:29  Baneling  
  129  8:30  Baneling x4  
  123  8:34  Roach x3  
  104  8:43  Roach  
  97  8:49  Hydralisk x5  
  97  8:50  Zergling x12  
  112  9:09  Extractor  
  111  9:18  Infestation Pit  
  111  9:20  Zerg Ground Armor Level 2  
  111  9:21  Zerg Melee Weapons Level 2  
  111  9:24  Overlord x2, Zergling x10  
  112  9:25  Zergling x16  
  112  9:27  Drone  
  124  9:33  Baneling x10  
  124  9:46  Hydralisk x4  
  124  9:47  Zergling x8  
  124  9:48  Zergling x12  
  124  9:52  Drone  
  145  9:55  Hive  
  145  9:57  Drone x3  
  144  10:10  Hydralisk, Zergling x2  
  144  10:11  Hydralisk x2, Zergling x8  
  150  10:18  Hydralisk x2  
  150  10:19  Hydralisk x2, Zergling x2  
  150  10:20  Zergling x2  
  140  10:21  Zergling x2  
  139  10:32  Baneling x10  
  139  10:34  Hydralisk  
  140  10:40  Hatchery  
  128  11:03  Zergling x4  
  128  11:04  Zergling x22  
  128  11:10  Zergling x2  
  128  11:11  Zergling x2  
  122  11:17  Adrenal Glands  
  122  11:26  Ultralisk Cavern  
  122  11:31  Baneling x15  
  122  11:32  Zergling x12  
  127  11:44  Overlord x3  
  127  11:48  Drone x4  
  127  11:53  Queen  
  133  11:55  Overlord  
  133  12:04  Queen x2  
  136  12:25  Drone, Extractor x2  
  136  12:26  Overlord, Drone x6  
  136  12:27  Zergling x2  
  136  12:28  Zergling x20  
  152  12:30  Hydralisk  
  139  12:59  Hatchery  
  139  13:03  Zergling x34  
Tags
 
Add a new tag
Caveats
  • Supply blocks, unpowered buildings, or Contaminate may cause inaccurate times.
  • Supply counts are checked every 10 seconds.